[Event "Torneo Nuevo Centro. Jornada 10"]
[Site "Chess.com"]
[Date "2020.08.21"]
[Round "3"]
[White "Fitzpatrick Dimas, Kevin"]
[Black "Ortiz Benavent, Alba"]
[Result "0-1"]
[WhiteElo "852"]
[BlackElo "1209"]
[TimeControl "180+2"]
[EndTime "10:55:18 PDT"]
[Termination "Victoria de or20 por jaque mate"]

1. e4 e5 2. Bc4 Nf6 3. Nc3 Bc5 4. Nf3 d6 5. d3 Nc6 6. Bg5 Bg4 7. h3 Bh5 8. O-O h6 9. Bxf6 Qxf6 10. Re1 Bxf3 11.
gxf3 Qg5+ 12. Kh2 Qf4+ 13. Kh1 Qh4 14. Kg2 Ne7 15. Nb5 Bb6 16. Qd2 Ng6 17. Qb4 Nf4+ 18. Kf1 Qxf2# 0

[Event "Torneo Nuevo Centro. Jornada 10"]
[Site "Chess.com"]
[Date "2020.08.21"]
[Round "3"]
[White "Garcia, Jhoel"]
[Black "Ledezma Fortes, Jose Manuel"]
[Result "1-0"]
[WhiteElo "2407"]
[BlackElo "1795"]
[TimeControl "180+2"]
[EndTime "10:55:37 PDT"]
[Termination "Victoria de shoels por abandono"]

1. b3 c6 2. Bb2 d5 3. e3 Bf5 4. d4 Bg6 5. c4 e6 6. Nf3 f6 7. Nh4 Ne7 8. Nxg6 Nxg6 9. Bd3 Bd6 10. Qh5 Kf7 11. Nd2 f5 12. Nf3 Qf6 13. Ne5+ Bxe5 14.
dxe5 Qh4 15. Qe2 Nd7 16. g3 Qh3 17. f4 Nc5 18. O-O-O Nxd3+ 19. Rxd3 h5 20. Rg1 Rhd8 21. c5 Rh8 22. Kb1 h4 23. g4 fxg4 24. Rxg4 Rh6 25. e4 Qxd3+ 26. Qxd3 Rah8 27. f5 exf5 28. exf5 Ne7 29.
e6+ Ke8 30. Rxg7 1

[Event "Torneo Nuevo Centro. Jornada 10"]
[Site "Chess.com"]
[Date "2020.08.21"]
[Round "3"]
[White "Conejero Martínez, Víctor"]
[Black "Hassomal Daswani, Birjkumar"]
[Result "1-0"]
[WhiteElo "1416"]
[BlackElo "1820"]
[TimeControl "180+2"]
[EndTime "10:55:43 PDT"]
[Termination "Victoria de Camelocota20 por abandono"]

1. d4 Nf6 2. c4 c5 3. Nc3 cxd4 4. Qxd4 Nc6 5. Qd1 g6 6. e3 Bg7 7. Nf3 d6 8. Bd2 O-O 9. Be2 Bd7 10. O-O a5 11. Qc1 a4 12. a3 Na5 13. e4 Nb3 14.
Qc2 Nxa1 15. Rxa1 Bc6 16. Nd5 Rc8 17. b3 Nxd5 18. exd5 Bxd5 19. Qc1 Bxf3 20. Bxf3 Bxa1 21. Qxa1 axb3 22. Bh6 f6 23. Bxb7 Rxc4 24. Bd5+ Rf7 25. Bxc4 Qb6 26. Bxf7+ Kxf7 27. Qb2 Qb5 28. f3 g5 29. h4 Kg6 30. hxg5 fxg5 31. Qg7+ Kf5 32. Qxg5+ Ke6 33. Qxb5 1

[Event "Torneo Nuevo Centro. Jornada 10"]
[Site "Chess.com"]
[Date "2020.08.21"]
[Round "3"]
[White "Blanco Solaz, Ramón"]
[Black "Sos Andreu, Eric"]
[Result "0-1"]
[WhiteElo "2005"]
[BlackElo "2521"]
[TimeControl "180+2"]
[EndTime "10:56:02 PDT"]
[Termination "Victoria de ericovski por abandono"]

1. c4 Nf6 2. g3 g6 3. Bg2 Bg7 4.
Nc3 O-O 5. e4 c5 6. Nge2 d6 7. d3 Nc6 8. h3 a6 9. O-O Rb8 10. a4 Ne8 11. f4 Nc7 12. Kh2 Ne6 13. Be3 Ned4 14. g4 Qb6 15. Rb1 Qb3 16. Ng3 Qxd1 17.
Rfxd1 b5 18. axb5 axb5 19. cxb5 Nxb5 20. Nce2 Nbd4 21. Bxd4 Nxd4 22. Nxd4 Bxd4 23. f5 Be5 24. Rg1 Ba6 25. Bf1 Rb3 26. Kh1 Bxd3 27. Bxd3 Rxd3 28. Ne2 Rxh3+ 29. Kg2 Rb3 30. Nc3 Rfb8 31. Nd1 Bxb2 32. Nxb2 Rxb2+ 33. Kf3 Rxb1 0

[Event "Torneo Nuevo Centro. Jornada 10"]
[Site "Chess.com"]
[Date "2020.08.21"]
[Round "3"]
[White "Ainsa Jimenez, Lucas"]
[Black "Vicent Lázaro, Elena"]
[Result "1-0"]
[WhiteElo "1149"]
[BlackElo "654"]
[TimeControl "180+2"]
[EndTime "10:56:12 PDT"]
[Termination "Victoria de ainsaluck por jaque mate"]

1. e4 e6 2. d4 c5 3. dxc5 Bxc5 4. Nc3 Qf6 5. Nf3 g6 6. Bg5 Qg7 7. e5 f6 8. exf6 Nxf6 9. Bb5 a6 10. Bc4 O-O 11.
O-O Nc6 12. Re1 Bd6 13. Ne4 Nxe4 14. Rxe4 Bb8 15. Re1 h6 16. Be3 Qf6 17. Bxh6 Rd8 18. Bg5 Qh8 19. Bxd8 g5 20. Bxg5 b5 21. Bd3 Bb7 22.
Re4 Nb4 23. Rg4 Bxf3 24. Qxf3 Qxh2+ 25. Kf1 Qh1+ 26. Ke2 Qxa1 27. Be7+ Kh8 28. Qh3# 1

[Event "Torneo Nuevo Centro. Jornada 10"]
[Site "Chess.com"]
[Date "2020.08.21"]
[Round "3"]
[White "Granero Roca, Antonio"]
[Black "Iravedra Ainkov, Francisco"]
[Result "1-0"]
[WhiteElo "2504"]
[BlackElo "1809"]
[TimeControl "180+2"]
[EndTime "10:56:26 PDT"]
[Termination "Victoria de Somtor por abandono"]

1. e4 d6 2. d4 Nf6 3. Nc3 e5 4.
Nf3 Nbd7 5. Bc4 Be7 6. O-O O-O 7. Re1 c6 8. a4 b6 9. Bg5 Qc7 10. Qd2 Bb7 11. Rad1 Rad8 12. h3 Rfe8 13. b3 Bf8 14. d5 c5 15. Bb5 a6 16. Bxd7 Qxd7 17. Bxf6 gxf6 18. Nh4 Bc8 19. Re3 Qe7 20. Rg3+ Kh8 21. Qe2 f5 22. Nxf5 Bxf5 23. exf5 Qf6 24. Ne4 Qh6 25. f6 Qh4 26. Rdd3 Bh6 27. Rg4 Qh5 28.
Rg8+ 1

[Event "Torneo Nuevo Centro. Jornada 10"]
[Site "Chess.com"]
[Date "2020.08.21"]
[Round "3"]
[White "Serrano Requena, Guillem"]
[Black "Grigorev, Artur "]
[Result "1-0"]
[WhiteElo "1270"]
[BlackElo "943"]
[TimeControl "180+2"]
[EndTime "10:56:55 PDT"]
[Termination "Victoria de Guily351 por abandono"]

1. d4 d5 2. Nf3 Nc6 3. Bf4 Nf6 4. c4 dxc4 5. e3 b5 6. Nc3 Rb8 7. Nxb5 Rxb5 8. Qa4 a6 9. Bxc4 Nb8 10. Ne5 e6 11.
Bxb5+ axb5 12. Qxb5+ Bd7 13. Nxd7 Nbxd7 14. Rc1 Be7 15.
Rxc7 O-O 16. O-O Qa8 17. Rxd7 Nxd7 18. Qxd7 Bh4 19. a4 Qb8 20. Bxb8 Rc8 21. Qxc8+ 1

[Event "Torneo Nuevo Centro. Jornada 10"]
[Site "Chess.com"]
[Date "2020.08.21"]
[Round "3"]
[White "Miranda Calvo, Max Rodrigo"]
[Black "Beneyto de Ramon, Guillermo"]
[Result "0-1"]
[WhiteElo "1372"]
[BlackElo "1653"]
[TimeControl "180+2"]
[EndTime "10:57:33 PDT"]
[Termination "Victoria de GUILLETE por abandono"]

1. e4 Nf6 2. e5 Nd5 3. c4 Nb6 4. Nf3 d6 5. d4 dxe5 6. Nxe5 c6 7. Be3 Bf5 8. Nc3 N8d7 9. Nxd7 Qxd7 10. Be2 e6 11.
O-O Be7 12. c5 Nd5 13. Nxd5 cxd5 14. Qb3 O-O 15. Bb5 Qc7 16. g3 a6 17. Bf4 Qc8 18. Be2 Bh3 19. Rfe1 f6 20. Bf1 Bxf1 21. Rxf1 Ra7 22. Rfe1 Qd7 23. Rac1 Bd8 24. Qb6 0

[Event "Torneo Nuevo Centro. Jornada 10"]
[Site "Chess.com"]
[Date "2020.08.21"]
[Round "3"]
[White "Bercaru, Vlad Ionut"]
[Black "Perez Garcia, Jose Miguel"]
[Result "0-1"]
[WhiteElo "1756"]
[BlackElo "2064"]
[TimeControl "180+2"]
[EndTime "10:57:46 PDT"]
[Termination "Victoria de PEREZOV69 por jaque mate"]

1. c4 Nf6 2. Nc3 g6 3. g3 Bg7 4. Bg2 O-O 5. Nf3 d6 6. O-O c5 7. d4 cxd4 8. Nxd4 a6 9. Bg5 Nbd7 10. e4 Ne5 11. Qe2 Qb6 12. Nb3 Be6 13. Nd5 Bxd5 14. cxd5 h6 15. Be3 Qb4 16. f4 Ned7 17. Bd4 a5 18.
Bc3 Qb6+ 19. Kh1 a4 20. Nd4 Rfc8 21. Rac1 Ne8 22. f5 Bxd4 23. Bxd4 Qxd4 24. Rxc8 Rxc8 25. fxg6 fxg6 26. Bh3 Nef6 27. Rxf6 Qxf6 28. Bxd7 Rc1+ 29.
Kg2 Qd4 30. Be6+ Kg7 31. Kh3 Qf6 32. Qe3 Rc2 33. Qd3 Qxb2 34. Qf3 Rxh2+ 35. Kg4 h5+ 36. Kg5 Qe5+ 37. Bf5 Qf6+ 38. Kf4 g5+ 39. Ke3 Qc3# 0

[Event "Torneo Nuevo Centro. Jornada 10"]
[Site "Chess.com"]
[Date "2020.08.21"]
[Round "3"]
[White "Fitzpatrick Dimas  , Andrew "]
[Black "Pardo Ruiz, Beatriz"]
[Result "0-1"]
[WhiteElo "1049"]
[BlackElo "1337"]
[TimeControl "180+2"]
[EndTime "10:57:46 PDT"]
[Termination "Victoria de trizPR6 por jaque mate"]

1. e4 e5 2. Nf3 Nc6 3. Nc3 Bc5 4.
Bc4 Nf6 5. O-O d6 6. h3 Be6 7.
Bxe6 fxe6 8. d3 h6 9. Na4 Bb6 10. Nxb6 axb6 11. d4 Nxe4 12. dxe5 dxe5 13. Qe2 Nd6 14.
Nxe5 O-O 15. Nxc6 bxc6 16. Qxe6+ Kh8 17. Qb3 Qd7 18. Qc3 Rae8 19. Bxh6 Re6 20. Rae1 Rxh6 21. Rd1 Qf5 22. Qxc6 Rg6 23. a4 Qxh3 24. a5 bxa5 25. Ra1 Rf5 26. g3 Rh5 27. Qa8+ Kh7 28. Rxa5 Qh2# 0

[Event "Torneo Nuevo Centro. Jornada 10"]
[Site "Chess.com"]
[Date "2020.08.21"]
[Round "3"]
[White "Birnoveanu, Petru"]
[Black "Bendayán Claros, Aaron"]
[Result "0-1"]
[WhiteElo "1712"]
[BlackElo "1993"]
[TimeControl "180+2"]
[EndTime "10:57:59 PDT"]
[Termination "Victoria de Cuajada_Zero por abandono"]

1. e4 c6 2. d4 d5 3. exd5 cxd5 4.
f4 Nf6 5. c3 Bf5 6. Bd3 Bxd3 7.
Qxd3 Ne4 8. Nd2 f5 9. Ngf3 Nc6 10.
Ne5 Nxe5 11. fxe5 e6 12. Nf3 Be7 13. O-O O-O 14. a4 a6 15. Bd2 Rc8 16. a5 h6 17.
b4 Qc7 18. Rac1 Qc4 19. Qb1 g5 20. Be1 Bxb4 21. Nd2 Nxd2 22. Bxd2 Bxa5 23. Qxb7 Rc7 24. Qb2 Qd3 25. Rf3 Qb5 26. Qa3 Rfc8 27. Qd6 Rc6 28. Qe7 Rd8 29. Rcf1 Rf8 30. Qf6 Rxf6 0

[Event "Torneo Nuevo Centro. Jornada 10"]
[Site "Chess.com"]
[Date "2020.08.21"]
[Round "3"]
[White "Zamora Soler, Raul"]
[Black "Marques Montolio, Luis"]
[Result "1/2-1/2"]
[WhiteElo "1840"]
[BlackElo "1435"]
[TimeControl "180+2"]
[EndTime "10:58:22 PDT"]
[Termination "Partida en tablas por material insuficiente"]

1. e4 d5 2. exd5 Qxd5 3. Nc3 Qa5 4. Nf3 c6 5. Be2 Bf5 6. d3 e6 7. Bd2 Qc7 8. O-O Nf6 9. Nd4 Bg6 10. Bf3 Bd6 11.
h3 O-O 12. Ne4 Nxe4 13. Bxe4 Nd7 14. Bxg6 hxg6 15. Bc3 Nf6 16. Qf3 Be7 17. Rfe1 Nd5 18. Ne2 Nxc3 19. Nxc3 Rfd8 20. Re4 Rd7 21. Rae1 Rad8 22.
Rg4 Rd4 23. Ne2 Rxg4 24. Qxg4 Bf6 25. Qb4 a5 26. Qb3 b5 27. c4 a4 28. Qc2 Qe5 29. Kf1 Qxb2 30. Qxb2 Bxb2 31. cxb5 cxb5 32. Rd1 Bf6 33. Ng3 b4 34. Rb1 Rb8 35. Ne4 b3 36.
axb3 axb3 37. Nxf6+ gxf6 38. Ke2 Kf8 39. Kd2 Ke7 40.
Kc3 b2 41. Rxb2 Rxb2 42. Kxb2 Kd6 43. Kc3 Kd5 44. h4 f5 45. d4 f6 46. Kd3 e5 47. dxe5 fxe5 48. f3 f4 49. Kd2 Kd4 50.
Ke2 e4 51. fxe4 Kxe4 52. Kf2 Kd4 53. Kf3 Ke5 54. g4 fxg3 55. Kxg3 Kf5 56. Kf3 Ke5 57. Kg4 Kf6 58. Kf4 Kg7 59. Kg5 Kh7 60. h5 gxh5 61. Kxh5 1/2-1

[Event "Torneo Nuevo Centro. Jornada 10"]
[Site "Chess.com"]
[Date "2020.08.21"]
[Round "3"]
[White "Pedros Viudes, Santiago"]
[Black "Valmaña Cantó, Jaime"]
[Result "0-1"]
[WhiteElo "1922"]
[BlackElo "2412"]
[TimeControl "180+2"]
[EndTime "10:58:27 PDT"]
[Termination "Victoria de barberbirborbur por abandono"]

1. d4 Nf6 2. Nc3 d5 3. Bf4 Bf5 4. Nf3 e6 5. h3 Bd6 6. e3 O-O 7. g4 Bg6 8. Bg2 c5 9. Ne5 Nc6 10.
h4 cxd4 11. exd4 h5 12. Nxg6 fxg6 13. Bxd6 Qxd6 14. g5 Ng4 15. Rf1 Qh2 16. Bf3 Qxh4 17. Bxg4 hxg4 18. Qd2 g3 19. O-O-O g2 20. Rg1 Rxf2 21.
Qe3 Qf4 22. Rde1 Nxd4 23. Qxf4 Rxf4 24. Rxg2 Kf7 25. Rd2 Rh8 26. Kb1 Rh5 27. Ne2 Nxe2 28. Rdxe2 Re4 29. Rxe4 dxe4 30. b3 Rh4 31. Kc1 e5 32.
Kd2 Ke6 33. Rf1 Rf4 34. Rg1 Kf5 35. Ke3 Rf3+ 36. Ke2 Kf4 0

[Event "Torneo Nuevo Centro. Jornada 10"]
[Site "Chess.com"]
[Date "2020.08.21"]
[Round "3"]
[White "Hernández Tomás, Efrén"]
[Black "Gracia Calvo, Andrés"]
[Result "0-1"]
[WhiteElo "1100"]
[BlackElo "1811"]
[TimeControl "180+2"]
[EndTime "10:58:27 PDT"]
[Termination "Victoria de andresjaque21 por abandono"]

1. e4 d5 2. exd5 Qxd5 3. Nc3 Qd6 4. Nf3 Nf6 5. Nb5 Qd8 6. Be2 c6 7. Nc3 Bg4 8. d3 e6 9. Bg5 Be7 10. Qd2 h6 11. h3 hxg5 12. Qxg5 Bxf3 13. Bxf3 g6 14.
O-O Nbd7 15. Rae1 Qc7 16. Qg3 Qxg3 17. fxg3 O-O-O 18. Ne4 Nxe4 19. Rxe4 Nf6 20. Ra4 a6 21. Re1 Bc5+ 22. Kh2 Nd5 23. Bxd5 Rxd5 24. Rf1 f5 25. Rc4 Bd6 26. Re1 Kd7 27. Kg1 b5 28. Rc3 Bb4 29. Rxe6 Bxc3 30. Rxg6 Bxb2 31. Rg5 a5 32. g4 fxg4 33. Rxg4 Rf5 34. Rg3 Rhf8 35. Kh2 Be5 0

[Event "Torneo Nuevo Centro. Jornada 10"]
[Site "Chess.com"]
[Date "2020.08.21"]
[Round "3"]
[White "Buenafe Moya, Javier"]
[Black "Pardo Ruiz, Carlos"]
[Result "1-0"]
[WhiteElo "1965"]
[BlackElo "1687"]
[TimeControl "180+2"]
[EndTime "10:58:38 PDT"]
[Termination "Victoria de JavierBuenafeMoya - partida abandonada"]

1. e4 Nf6 2. e5 Nd5 3. d4 d6 4. c4 Nb6 5. exd6 exd6 6. Nf3 Bg4 7. Be3 Nc6 8. Nbd2 Be7 9. h3 Bf5 10. a3 O-O 11. b4 Bf6 12. Be2 a5 13. b5 Ne7 14. a4 c6 15. O-O cxb5 16. axb5 Qc7 17. g4 Bxg4 18. hxg4 Ng6 19. g5 Be7 20. Qc2 Qd7 21.
Nh2 Qh3 22. Qe4 d5 23. Qg4 Qxg4+ 24. Nxg4 dxc4 25. Nxc4 Nxc4 26. Bxc4 b6 27. Bd5 Rac8 28. Bc6 Bd6 29. f4 Ne7 30. d5 Nf5 31. Bxb6 Bc7 32. Bxa5 Bxa5 33. Rxa5 Rfd8 34. b6 Nd4 35. b7 Rb8 36.
Ra8 Nxc6 37. dxc6 Rxa8 38. bxa8=Q Rxa8 39. c7 Rc8 40. Rd1 1

[Event "Torneo Nuevo Centro. Jornada 10"]
[Site "Chess.com"]
[Date "2020.08.21"]
[Round "3"]
[White "Gimenez Saiz, Jose Raul"]
[Black "Fente Fernandez, Jose Ignacio"]
[Result "0-1"]
[WhiteElo "1885"]
[BlackElo "1542"]
[TimeControl "180+2"]
[EndTime "10:58:39 PDT"]
[Termination "Victoria de SrFente por tiempo"]

1. d4 Nf6 2. e3 g6 3. Bd3 Bg7 4. f4 O-O 5. Nf3 d6 6. O-O Nbd7 7. e4 Re8 8. e5 dxe5 9. fxe5 Nd5 10. c4 Nb4 11. Be4 Nb6 12. Qb3 Nc6 13. Be3 f5 14.
Bxc6 bxc6 15. Nc3 Ba6 16. Rfd1 Nxc4 17. Nd2 Rb8 18. Qa4 Nxe3 19. Qxa6 Nxd1 20. Rxd1 Qxd4+ 21. Kh1 Rxb2 22. Nde4 Qxe5 23. Qc4+ e6 24. Ng5 Qxc3 25.
Qxe6+ Rxe6 26. Rd8+ Bf8 27. Nxe6 Qc1+ 0

[Event "Torneo Nuevo Centro. Jornada 10"]
[Site "Chess.com"]
[Date "2020.08.21"]
[Round "3"]
[White "Mancebo Ibanez, Fernando"]
[Black "Donate Moreno, Silvia"]
[Result "0-1"]
[WhiteElo "2096"]
[BlackElo "1816"]
[TimeControl "180+2"]
[EndTime "10:58:42 PDT"]
[Termination "Victoria de monetesSAL por tiempo"]

1. d4 Nf6 2. c4 g6 3. Nc3 Bg7 4. e4 d6 5. Nge2 O-O 6. Ng3 e5 7. d5 h5 8. Be2 h4 9. Nf1 Nh7 10. Ne3 f5 11. exf5 gxf5 12. f4 exf4 13. Nc2 h3 14. Bxf4 hxg2 15. Rg1 Qh4+ 16. Bg3 Qg5 17. Nd4 f4 18. Nf3 fxg3 19. Rxg2 Qe7 20. Rxg3 Kh8 21. Qd2 Na6 22. O-O-O Nc5 23. Rdg1 Rg8 24. Rxg7 Rxg7 25.
Qd4 Nf6 26. Ng5 Bf5 27. Qh4+ Kg8 28. Bf3 Qe3+ 0

[Event "Torneo Nuevo Centro. Jornada 10"]
[Site "Chess.com"]
[Date "2020.08.21"]
[Round "3"]
[White "Roca Cruz, Rafael"]
[Black "Yatseta Fernandez, Marc Kazymyr"]
[Result "0-1"]
[WhiteElo "1834"]
[BlackElo "1458"]
[TimeControl "180+2"]
[EndTime "10:58:45 PDT"]
[Termination "Victoria de K_73 por abandono"]

1. d4 Nf6 2. c4 e5 3. dxe5 Ne4 4. a3 b6 5. Qd5 Bb7 6. Qd3 Bc5 7. e3 f6 8. Nf3 O-O 9. b4 Be7 10. Bb2 fxe5 11.
Be2 d6 12. O-O Nf6 13. Nc3 e4 14. Nxe4 Bxe4 15. Qd2 Bb7 16. Nd4 Qd7 17. f3 Nc6 18.
Nc2 Rae8 19. e4 Kh8 20. Ne3 Ne5 21. Nf5 g6 22. Nxe7 Qxe7 23. g4 c5 24. g5 Nh5 25.
f4 Nxf4 26. Rxf4 Qxg5+ 27. Kh1 Qxf4 28. Qxd6 Qxe4+ 0

[Event "Torneo Nuevo Centro. Jornada 10"]
[Site "Chess.com"]
[Date "2020.08.21"]
[Round "3"]
[White "Mellado Sais, Carles"]
[Black "Ursariu, Nikolas Victor"]
[Result "1-0"]
[WhiteElo "1374"]
[BlackElo "1085"]
[TimeControl "180+2"]
[EndTime "10:58:45 PDT"]
[Termination "Victoria de Magnus_carles por abandono"]

1. d4 d5 2. Nf3 Nc6 3. c4 Nf6 4. Nc3 Bf5 5. e3 e6 6. Bd3 Bg6 7. Nh4 Bh5 8. Nf3 Bd6 9. O-O O-O 10. b3 Re8 11. Bb2 e5 12. dxe5 Bxe5 13. Rb1 Bd6 14. Re1 Ne5 15. e4 dxe4 16. Bxe4 Nxf3+ 17. Bxf3 Bxf3 18. Rxe8+ Qxe8 19. Qxf3 Qd7 20. Qxb7 Re8 21. Qf3 Qe6 22. g3 Qe2 23. Nxe2 Bb4 24. Bxf6 gxf6 25. Qg4+ Kf8 26. Nf4 Re1+ 27. Rxe1 Bxe1 28. Nd5 Ba5 29. Nxf6 Ke7 30. Nd5+ Kd6 31. Qg7 c6 32. Qxf7 cxd5 33.
Qxd5+ Ke7 34. Qxa5 1

[Event "Torneo Nuevo Centro. Jornada 10"]
[Site "Chess.com"]
[Date "2020.08.21"]
[Round "3"]
[White "Carbonell Bofill, Carlos Eloy"]
[Black "Morello Ostos, Domingo"]
[Result "0-1"]
[WhiteElo "1918"]
[BlackElo "1715"]
[TimeControl "180+2"]
[EndTime "10:58:54 PDT"]
[Termination "Victoria de dmorello por tiempo"]

1. d4 Nf6 2. Nf3 g6 3. g3 Bg7 4. Bg2 d6 5. O-O c6 6. c4 O-O 7. Nc3 Qa5 8. e4 Qa6 9. b3 b5 10. cxb5 cxb5 11. e5 Nfd7 12. exd6 exd6 13. Bb2 Bb7 14. a4 b4 15. Nb5 Qb6 16. Qe2 a6 17. d5 axb5 18. Bxg7 Kxg7 19. axb5 Rxa1 20. Rxa1 Bxd5 21.
Rd1 Bxb3 22. Qb2+ Ne5 23. Qxb3 Qxb5 24. Rxd6 Nbd7 25. Nxe5 Nxe5 26. Rd5 Qe2 27. Qxb4 Rc8 28. h4 Rc1+ 29. Kh2 Ng4+ 0

[Event "Torneo Nuevo Centro. Jornada 10"]
[Site "Chess.com"]
[Date "2020.08.21"]
[Round "3"]
[White "Fenollar Jorda, Manolo"]
[Black "Aymerich Rosell, Pablo"]
[Result "1-0"]
[WhiteElo "2475"]
[BlackElo "1972"]
[TimeControl "180+2"]
[EndTime "10:58:58 PDT"]
[Termination "Victoria de Cucudrulu por tiempo"]

1. d4 d6 2. Nf3 g6 3. c4 Bg7 4.
Nc3 Nf6 5. e4 O-O 6. h3 Nbd7 7.
Be2 e5 8. Be3 exd4 9. Bxd4 Re8 10.
Nd2 Nc5 11. Bxc5 dxc5 12. O-O c6 13. Qc2 Qc7 14. Rad1 b6 15. f4 Ba6 16. e5 Nd7 17. Nde4 Nf8 18. Bg4 h5 19. Bf3 Ne6 20. Nd6 Red8 21.
Ne2 Bh6 22. Qe4 Bb7 23. g4 hxg4 24. hxg4 Bf8 25. Nxb7 Qxb7 26. Qxc6 Qa6 27. Qb5 Qxb5 28. cxb5 Rab8 29. Kf2 Nd4 30. Nxd4 cxd4 31. Ke2 Bc5 32. Kd3 Kg7 33. f5 Rh8 34. f6+ Kf8 35. Rh1 Rxh1 36. Rxh1 Ke8 37. Rh8+ Bf8 38. Kxd4 Rd8+ 39. Bd5 Kd7 40.
Ke4 Rc8 41. Bxf7 g5 42. e6+ Kd6 43. e7 Bxe7 44. Rxc8 Bxf6 45. Rc6+ Ke7 46. Bc4 1

[Event "Torneo Nuevo Centro. Jornada 10"]
[Site "Chess.com"]
[Date "2020.08.21"]
[Round "3"]
[White "Donate Peris, Jose Manuel"]
[Black "Castellano López, Javier"]
[Result "0-1"]
[WhiteElo "1535"]
[BlackElo "1903"]
[TimeControl "180+2"]
[EndTime "10:59:04 PDT"]
[Termination "Victoria de its_xavi_official por abandono"]

1. d4 Nf6 2. c4 e6 3. Nc3 d5 4. cxd5 exd5 5. Bg5 Be7 6. e3 c6 7.
Bd3 Nbd7 8. Nge2 Nf8 9. O-O Ne6 10. Bxf6 Bxf6 11. Rc1 O-O 12. Bb1 a6 13. Ng3 g6 14.
f3 Bd7 15. f4 Ng7 16. Na4 Re8 17. Re1 Qa5 18. Nc5 Bc8 19. Kh1 Be7 20. Nb3 Qb6 21. Qd2 Bb4 22. Qf2 Bxe1 23. Rxe1 Be6 24. f5 Bd7 25.
fxg6 fxg6 26. h4 Rf8 27. Qd2 Rae8 28. Kh2 Qc7 29. e4 dxe4 30. Rxe4 Rxe4 31. Bxe4 Nh5 32. Qd3 Qxg3+ 33. Qxg3 Nxg3 34. Kxg3 Be6 35. Nc5 Bc8 36. d5 cxd5 37. Bxd5+ Kg7 38. Bxb7 Bxb7 39. Ne6+ Kf7 40. Nxf8 Kxf8 41. Kh3 Ke7 42. g4 Bc8 43. Kg3 Kd6 44. Kf4 h6 45. g5 hxg5+ 46. hxg5 Kd5 47. Ke3 Ke5 48. a4 Kf5 49. b4 Kxg5 50. b5 axb5 51.
axb5 Kf5 52. Kd4 g5 53. Kc5 g4 0

[Event "Torneo Nuevo Centro. Jornada 10"]
[Site "Chess.com"]
[Date "2020.08.21"]
[Round "3"]
[White "Gukasov, Artem"]
[Black "Orts Tomás, Marc"]
[Result "0-1"]
[WhiteElo "1441"]
[BlackElo "1858"]
[TimeControl "180+2"]
[EndTime "10:59:09 PDT"]
[Termination "Victoria de Rock-Bishop29 por tiempo"]

1. e4 c5 2. Nf3 Nc6 3. d4 cxd4 4. Nxd4 Nf6 5. Nc3 e5 6. Nxc6 bxc6 7. Bg5 Bb4 8. a3 Bxc3+ 9. bxc3 O-O 10. Qf3 Bb7 11.
Bxf6 Qxf6 12. Qxf6 gxf6 13. Bc4 d5 14. exd5 cxd5 15. Bb3 Rfc8 16. O-O-O Rxc3 17. a4 Rd8 18. Rd2 d4 19. Rhd1 Rdc8 20. Rd3 Kf8 21. Rxc3 Rxc3 22. f3 Ke7 23. Rd3 Rxd3 24. cxd3 Bc8 25. Kc2 Bf5 26. Bd5 Be6 27. Bb7 Kd6 28. g4 h6 29. h4 a5 30. Be4 Kc5 31. Kb2 Kb4 32.
Bc6 Bb3 0

[Event "Torneo Nuevo Centro. Jornada 10"]
[Site "Chess.com"]
[Date "2020.08.21"]
[Round "3"]
[White "Chofre Murcia, Adrián"]
[Black "Bosch Jordà, Ricard"]
[Result "0-1"]
[WhiteElo "1669"]
[BlackElo "1936"]
[TimeControl "180+2"]
[EndTime "10:59:20 PDT"]
[Termination "Victoria de UltimateLimo por jaque mate"]

1. e4 c5 2. Nc3 Nc6 3. f4 g6 4.
Nf3 Bg7 5. Bc4 e6 6. O-O Nge7 7. d3 O-O 8. Ne2 d5 9. exd5 exd5 10. Bb3 b5 11. c3 Nf5 12. a4 Qb6 13. Kh1 c4 14. dxc4 bxc4 15. Bc2 d4 16. Bxf5 Bxf5 17. Nexd4 Rad8 18. Be3 Nxd4 19. Nxd4 Qxb2 20. Qc1 Qxc1 21. Raxc1 Bd3 22. Rfd1 Rfe8 23. Bf2 Re4 24. g3 Re7 25. Kg1 Rb7 26. Re1 Rb2 27. Re7 Rdb8 28. Rxa7 h5 29. Rd7 Rd2 30. a5 Rbb2 31. Rd8+ Kh7 32. Be3 Rg2+ 33.
Kh1 Rxh2+ 34. Kg1 Rbg2# 0

[Event "Torneo Nuevo Centro. Jornada 10"]
[Site "Chess.com"]
[Date "2020.08.21"]
[Round "3"]
[White "Sampedro Roig, Josep Francesc"]
[Black "Escalona Moncholi, Felix"]
[Result "0-1"]
[WhiteElo "1821"]
[BlackElo "2079"]
[TimeControl "180+2"]
[EndTime "10:59:26 PDT"]
[Termination "Victoria de SchachSpielerESP por tiempo"]

1. e4 e6 2. d4 d5 3. Nd2 Nf6 4. e5 Nfd7 5. f4 c5 6. c3 Nc6 7. Ne2 Qb6 8. Nf3 cxd4 9. cxd4 f6 10. g3 Bb4+ 11. Bd2 g5 12. Bh3 h5 13. fxg5 fxe5 14.
Bxb4 Qxb4+ 15. Qd2 e4 16. a3 Qb6 17. Nh4 Nf8 18.
O-O e5 19. Bxc8 Rxc8 20. g6 Rg8 21. Qg5 exd4 22. Qxd5 d3+ 23. Kh1 Ne7 24. Qf7+ Kd7 25. Rf6 Qe3 26. Ng2 Qxe2 27. g7 Rxg7 28. Qxg7 d2 29.
Rf7 Rc1+ 0

[Event "Torneo Nuevo Centro. Jornada 10"]
[Site "Chess.com"]
[Date "2020.08.21"]
[Round "3"]
[White "Gutierrez Marco, Dario"]
[Black "Chernikov, Vladimir"]
[Result "0-1"]
[WhiteElo "1832"]
[BlackElo "2215"]
[TimeControl "180+2"]
[EndTime "10:59:38 PDT"]
[Termination "Victoria de isla88 por abandono"]

1. e4 d6 2. d4 Nf6 3. Nc3 e5 4. Nf3 Nbd7 5. Bc4 Be7 6. O-O O-O 7. a4 c6 8. Ba2 exd4 9. Nxd4 Re8 10. Nf5 Ne5 11. Nxe7+ Qxe7 12. Bg5 h6 13. Bh4 Ng6 14. Bg3 Rd8 15. f3 Nh5 16. Qe2 Nxg3 17. hxg3 Be6 18.
Bxe6 Qxe6 19. Rad1 Qe5 20. Qf2 Qa5 21. f4 Qb4 22. Qd4 Qb6 23. Qxb6 axb6 24. b3 Rd7 25. Rd2 Rad8 26. Rfd1 Nf8 27. Kf2 Ne6 28. Kf3 Kf8 29. Ne2 Nc5 30. Nd4 g6 31. Ne2 Ke7 32. Nc3 f5 33.
exf5 gxf5 34. Re1+ Kf6 35. Red1 d5 36. Rh1 Ne4 37. Rd3 Kg6 38. Ke3 d4+ 39. Kf3 Nxc3 40. Re1 Ne4 41. g4 fxg4+ 42. Kxg4 Nf2+ 0

[Event "Torneo Nuevo Centro. Jornada 10"]
[Site "Chess.com"]
[Date "2020.08.21"]
[Round "3"]
[White "Sanchis Bon, Sergi"]
[Black "Alvarez Usina, Jordi"]
[Result "0-1"]
[WhiteElo "999"]
[BlackElo "1309"]
[TimeControl "180+2"]
[EndTime "10:59:38 PDT"]
[Termination "Victoria de jordi_alvarez por tiempo"]

1. e4 e5 2. Qf3 Nf6 3. g4 h6 4.
Bc4 Bc5 5. h4 d6 6. g5 Bg4 7.
Qg2 hxg5 8. hxg5 Rxh1 9. Qxh1 Nfd7 10. Qg2 Qxg5 11. Nh3 Qh4 12. d3 Bxh3 13. Qh2 Nc6 14. Qg1 Qg4 15. Qh2 O-O-O 16. Bxf7 Rf8 17. Bb3 Bxf2+ 18.
Kd2 Be3+ 19. Kxe3 Rf3+ 20. Kd2 Nd4 21. Nc3 Qg2+ 22. Qxg2 Bxg2 23. Nd5 Bf1 24. Ne7+ Kd8 25. Ng6 Rf6 26. Nh4 g5 27. Bd5 gxh4 28. Bxb7 h3 29.
Kc3 h2 30. Bg5 h1=Q 31. Bxf6+ Nxf6 32. Kc4 Qg2 0